 Dungeon Crawl Stone Soup version 0.22-a0-460-g49b1da7 (webtiles) character file.

135 Espgualade the Skirmisher (level 5, -4/34 HPs)
             Began as a Tengu Ice Elementalist on June 9, 2018.
             Killed by nerve-wracking pain
             ... invoked by an orc priest
              (9 damage)
             ... on level 3 of the Dungeon.
             The game lasted 00:05:08 (2036 turns).

Espgualade the Skirmisher (Tengu Ice Elementalist)  Turns: 2036, Time: 00:05:09

Health: -4/34      AC:  4    Str:  8    XL:     5   Next: 18%
Magic:  1/9        EV: 12    Int: 17    God:
Gold:   128        SH:  0    Dex: 14    Spells: 2/8 levels left

rFire    . . .     SeeInvis .   d - +0 short sword
rCold    . . .     Gourm    .   (no shield)
rNeg     . . .     Faith    .   a - +0 robe
rPois    .         Spirit   .   (helmet restricted)
rElec    .         Reflect  .   (no cloak)
rCorr    .         Harm     .   (no gloves)
MR       .....                  (boots unavailable)
Stlth    ++........             (no amulet)
HPRegen  0.00/turn              (no ring)
MPRegen  0.11/turn              (no ring)

@: very slightly contaminated
A: beak, talons 3, iridescent scales 1, deterioration 1, inhibited regeneration,
able to fly 1
a: Fly


You were on level 3 of the Dungeon.
You were not hungry.

You visited 1 branch of the dungeon, and saw 3 of its levels.

You collected 128 gold pieces.

Inventory:

Hand Weapons
 d - a +0 short sword (weapon)
Armour
 a - a +0 robe (worn)
Scrolls
 e - a scroll of identify
 h - 3 scrolls of teleportation
Potions
 b - 2 potions of lignification
 f - a potion of might
 g - a potion of curing
Comestibles
 c - 5 rations


   Skills:
 + Level 4.6 Fighting
 - Level 2.1 Dodging
 - Level 2.0 Stealth
 - Level 2.0 Spellcasting
 - Level 1.3 Conjurations
 - Level 2.6 Ice Magic


You had 2 spell levels left.
You knew the following spells:

 Your Spells              Type           Power        Failure   Level  Hunger
a - Freeze                Ice            ##..         6%          1    #......
b - Throw Frost           Conj/Ice       #.....       13%         2    ###....
c - Ozocubu's Armour      Chrm/Ice       #.......     32%         3    ###....

Your spell library contained the following spells:

 Spells                   Type           Power        Failure   Level  Hunger
 Summon Ice Beast         Ice/Summ       #.......     73%         4    #####..
 Throw Icicle             Conj/Ice       #.......     63%         4    #####..


Dungeon Overview and Level Annotations

Branches:
Dungeon (3/15)

Altars:
Dithmenos
Fedhas
Sif Muna
Wu Jian


Innate Abilities, Weirdness & Mutations

You have a beak for a mouth.
You have claws for feet.
You can fly.
You are partially covered in iridescent scales. (AC +2)
Your body sometimes deteriorates upon taking damage.
You do not regenerate when monsters are visible.


Message History

The orc priest hits you but does no damage.
Casting: Freeze (safe; 6% risk of failure)
Confirm with . or Enter, or press ? or * to list all spells.
You don't have enough magic to cast that spell.
Unknown command.
You hit the orc priest.
The orc priest is moderately wounded.
The orc priest closely misses you.
You hit the orc priest.
The orc priest is heavily wounded.
The orc priest hits you with a trident.
* * * LOW HITPOINT WARNING * * *
You hit the orc priest. You claw the orc priest. You peck the orc priest.
The orc priest is almost dead.
The orc priest hits you but does no damage.
You closely miss the orc priest.
The orc priest is almost dead.
The orc priest invokes the aid of Beogh against you.
Pain shoots through your body!
You die...

.#.............#†.##...
.[.............†.......
#....>........#†..)...
#####.....#########.##
#.....# #.# #>....# #.#
#...$.# #.# ##o....##
#.## #)@.....# #.#.
#.##.##.# #.#.
######†##.##.####.. #.#.
#.......#..........g#...
...........##.####...###.
#.#.......†##.# #.
##..#..?...h# #.
##.#.......# ##
.....####.#


You could see an orc priest.

Vanquished Creatures
  An orc priest (D:3)
  3 adders
  2 oozes
  3 dart slugs (D:1)
  A leopard gecko (D:1)
  An orc (D:3)
  2 giant cockroaches
  6 goblins
  7 hobgoblins
  11 jackals
  6 bats
  7 frilled lizards
  6 kobolds
  5 rats
61 creatures vanquished.

Notes
Turn   | Place    | Note
-------+----------+-------------------------------------------
     0 | D:1      | Espgualade the Tengu Ice Elementalist began the quest for the Orb.
     0 | D:1      | Reached XP level 1. HP: 10/10 MP: 4/4
   251 | D:1      | Reached skill level 1 in Fighting
   291 | D:1      | Reached XP level 2. HP: 14/16 MP: 6/6
   384 | D:1      | Reached skill level 2 in Fighting
   537 | D:1      | Reached XP level 3. HP: 14/22 MP: 7/7
   878 | D:1      | Learned a level 2 spell: Throw Frost
   882 | D:1      | Learned a level 3 spell: Ozocubu's Armour
  1074 | D:2      | Reached skill level 3 in Fighting
  1134 | D:2      | Found a shadowy altar of Dithmenos.
  1134 | D:2      | Found a deep blue altar of Sif Muna.
  1134 | D:2      | Found an ornate altar of the Wu Jian Council.
  1134 | D:2      | Found a blossoming altar of Fedhas.
  1242 | D:2      | Reached XP level 4. HP: 25/28 MP: 8/8
  1941 | D:3      | Reached skill level 4 in Fighting
  1996 | D:3      | Gained mutation: You can fly. [Tengu growth]
  1996 | D:3      | Reached XP level 5. HP: 28/34 MP: 4/9
  2018 | D:3      | Gained mutation: You do not regenerate when monsters are visible. [potion of mutation]
  2018 | D:3      | Gained mutation: Your body sometimes deteriorates upon taking damage. [potion of mutation]
  2018 | D:3      | Gained mutation: You are partially covered in iridescent scales. (AC +2) [potion of mutation]
  2036 | D:3      | Killed from afar by an orc priest

Vault maps used:
D:1:      onia_arrival_mini_spirals, serial_corexii_hall,
          corexii_hall_statues_l, corexii_hall_statues_x,
          corexii_hall_statues_deadend
D:2:      chequers_temple_overflow_statue_of_worship
D:3:      first_ration, kennysheep_generic_room_14

Skill      XL: |  1  2  3  4 |
---------------+-------------+-----
Fighting       | 1 2 3 4 |  4.6
Dodging        | |  2.1
Stealth        | |  2.0
Spellcasting   | |  2.0
Conjurations   | |  1.3
Ice Magic      | |  2.6

Action                   |  1- 3 |  4- 6 || total
-------------------------+-------+-------++-------
Melee: Short sword       |    61 |    82 ||   143
       Kick              |    11 |    11 ||    22
       Unarmed           |     2 |       ||     2
       Peck              |     6 |     9 ||    15
 Cast: Freeze            |    19 |    12 ||    31
  Use: Scroll            |     4 |     4 ||     8
       Potion            |       |     4 ||     4
 Stab: Sleeping          |     3 |     2 ||     5
  Eat: Chunk             |     1 |     1 ||     2
       Ration            |       |     1 ||     1
Armor: Robe              |    12 |    22 ||    34
       Skin              |       |    43 ||    43
Dodge: Dodged            |    51 |    53 ||   104

Table legend:
 A = Spawn XP
 B = Non-spawn XP
 C = Spawn XP percentage of total XP
 D = Spawn monster count
 E = Non-spawn monster count
 F = Spawn count percentage of total count
 G = Total turns spent on level
                    A         B        C        D         E        F      G
               +---------+---------+-------+---------+---------+-------+---------
         Total |       0 |     193 |   0.0 |       0 |      61 |   0.0 |  2036
               +---------+---------+-------+---------+---------+-------+---------
           D:1 |       0 |      47 |   0.0 |       0 |      22 |   0.0 |   883
           D:2 |       0 |      66 |   0.0 |       0 |      23 |   0.0 |   897
           D:3 |       0 |      80 |   0.0 |       0 |      16 |   0.0 |   256
               +---------+---------+-------+---------+---------+-------+---------
